 Dungeon Crawl Stone Soup version 0.29.1-2-gbd0b4ee654 (webtiles) character file.

Game seed: 9444588800056994218

2251 safid the Skirmisher (level 9, -6/81 HPs)
             Began as a Minotaur Hunter on Nov 30, 2022.
             Killed from afar by a gargoyle (22 damage)
             ... with a stone arrow
             ... on level 7 of the Dungeon.
             The game lasted 00:10:12 (7376 turns).

safid the Skirmisher (Minotaur Hunter)              Turns: 7376, Time: 00:10:13

Health: -6/81      AC:  4    Str: 16    XL:     9   Next: 15%
Magic:  8/8        EV: 12    Int:  6    God:
Gold:   376        SH:  0    Dex: 18    Spells: 8/8 levels left

rFire   . . .      SeeInvis .   a - +0 shortbow
rCold   . . .      Faith    .   (shield currently unavailable)
rNeg    . . .      Spirit   .   c - +0 leather armour
rPois   +          Reflect  .   (helmet restricted)
rElec   .          Harm     .   q - +0 cloak
rCorr   .          Rampage  .   (no gloves)
Will    .....                   (no boots)
Stlth   ++........              (no amulet)
HPRegen 0.23/turn               p - ring of poison resistance
MPRegen 0.11/turn               (no ring)

@: about to teleport
A: horns 2, retaliatory headbutt
a: no special abilities


You were on level 7 of the Dungeon.
You visited 2 branches of the dungeon, and saw 8 of its levels.

You collected 376 gold pieces.

Inventory:

Hand Weapons
 a - a +0 shortbow (weapon)
Armour
 c - a +0 leather armour (worn)
 q - a +0 cloak (worn)
Jewellery
 p - a ring of poison resistance (left hand)
 x - a +4 ring of protection
Wands
 t - a wand of light (5)
Scrolls
 b - 4 scrolls of immolation
 d - 2 scrolls of identify
 f - 3 scrolls of enchant weapon
 g - 2 scrolls of amnesia
 i - a scroll of enchant armour {unknown}
 j - 4 scrolls of teleportation
 l - 2 scrolls of fear
 n - a scroll of poison {unknown}
 r - a scroll of vulnerability {unknown}
 u - 2 scrolls of magic mapping
Potions
 e - 2 potions of ambrosia
 h - a potion of haste
 k - 4 potions of heal wounds
 m - a potion of flight {unknown}
 o - a potion of might {unknown}
 s - a potion of magic {unknown}
 v - a potion of invisibility
 w - 3 potions of curing {unknown}
 z - a potion of brilliance {unknown}


   Skills:
 - Level 8.0 Fighting
 + Level 12.1 Ranged Weapons
 - Level 2.1 Dodging
 - Level 0.7 Stealth


You had 8 spell levels left.
You didn't know any spells.
Your spell library contained the following spells:

 Spells                   Type           Power      Damage    Failure   Level
 Apportation              Tloc           0%         N/A       52%         1
 Necrotise                Necr           0%         1d4       52%         1
 Summon Small Mammal      Summ           0%         N/A       52%         1
 Searing Ray              Conj           0%         2d4       67%         2
 Call Canine Familiar     Summ           0%         N/A       88%         3
 Ozocubu's Armour         Ice            0%         N/A       88%         3
 Stone Arrow              Conj/Erth      0%         3d7       88%         3
 Summon Guardian Golem    Hex/Summ       0%         N/A       88%         3
 Tukima's Dance           Hex            0%         N/A       88%         3
 Vampiric Draining        Necr           0%         2d6       88%         3
 Animate Armour           Summ/Erth      0%         N/A       99%         4
 Iskenderun's Mystic Bla  Conj/Tloc      0%         2d3       99%         4
 Passage of Golubria      Tloc           0%         N/A       99%         4
 Agony                    Necr           0%         N/A       100%        5
 Yara's Violent Unravell  Hex/Tmut       0%         3d3       100%        5
 Starburst                Conj/Fire      0%         6d3       100%        6
 Ozocubu's Refrigeration  Ice            0%         4d7       100%        7
 Lehudib's Crystal Spear  Conj/Erth      0%         10d2      100%        8


Dungeon Overview and Level Annotations

Branches:
Dungeon (7/15)             Temple (1/1) D:4

Altars:
Ashenzari
Fedhas
Gozag
Hepliaklqana
Kikubaaqudgha
Makhleb
Nemelex Xobeh
Qazlal
Ru
Sif Muna
Trog
Uskayaw
Vehumet
Wu Jian
Xom
Yredelemnul
Zin
The Shining One

Annotations:
D:2 1 runed translucent door, Crazy Yiuf
D:5 2 transporters, warriortoast's ghost, novice GrEE


Innate Abilities, Weirdness & Mutations

You have a pair of horns on your head.
You reflexively headbutt those who attack you in melee.


Message History

You shoot an arrow.
The arrow hits the gargoyle but does no damage.
You shoot an arrow.
The arrow hits the gargoyle but does no damage.
The gargoyle hits you with a +0 mace!
You shoot an arrow.
The arrow hits the gargoyle but does no damage.
The gargoyle hits you with a +0 mace!!
A gnoll comes into view. It is wielding a +0 whip.
You shoot an arrow. The arrow hits the gargoyle.
The gargoyle is lightly damaged.
The gargoyle barely misses you. You furiously retaliate!
You headbutt the gargoyle, but do no damage.
You shoot an arrow. The arrow hits the gargoyle.
The gargoyle is moderately damaged.
You hear a shout!
The gargoyle closely misses you. You furiously retaliate!
You headbutt the gargoyle, but do no damage.
You hear a shout!
You shoot an arrow.
The arrow hits the gargoyle but does no damage.
The gargoyle is moderately damaged.
A gnoll bouda comes into view. It is wielding a +0 quarterstaff.
You shoot an arrow. The arrow barely misses the gargoyle.
The gargoyle hits you with a +0 mace!!
The gnoll bouda barks out a call to the hunt!
The gnoll picks up the pace!
You hear a shout! x2
You are too injured to fight recklessly!
As you read the scroll of teleportation, it crumbles to dust.
You feel strangely unstable. The gargoyle hits you with a +0 mace!
* * * LOW HITPOINT WARNING * * *
The gnoll hits you with a +0 whip.
* * * LOW HITPOINT WARNING * * *
The gnoll attacks as you move away! The gnoll hits you with a +0 whip.
* * * LOW HITPOINT WARNING * * *
The gargoyle attacks as you move away! The gargoyle misses you.
The gargoyle hurls a stone arrow at you.
The stone arrow hits you!!
You die...

#...≈....#....≈....#...
#.#...#.....#...#.....)
........≈.≈.......≈:≈.#
#.≈.≈.......≈.≈.......
###.....#...#.....#...#.
..g..#....≈....#....≈...
#....[#...#.....#.....
#g≈...#...≈.≈.......
#..@.####.....##....
###9#### ##...###...#
#...# ###.##..[.#
#....### .....#.##
###... .###....# ...#..
.. .....## ..## ##. ..
..... ..## .. . .#


You could see a gargoyle, a gnoll bouda and a gnoll (swift).

Vanquished Creatures
  Menkaure (D:4)
  A water moccasin (D:4)
  2 ice beasts
  3 black bears
  5 phantoms
  2 centaurs
  A kobold brigand (D:7)
  4 scorpions
  2 vampire bats (D:5)
  An orc priest (D:5)
  2 jellies
  6 hounds
  2 iguanas
  4 orc wizards
  8 adders
  3 white imps
  2 worms (D:2)
  5 dart slugs
  15 orcs
  8 ball pythons
  5 bat zombies (D:5)
  10 endoplasms
  4 giant cockroaches
  14 goblins
  6 hobgoblins
  4 jackals (D:1)
  2 quokkas
  4 bats
  6 frilled lizards
  14 kobolds
  6 rats
152 creatures vanquished.

Notes
Turn   | Place    | Note
-------+----------+-------------------------------------------
     0 | D:1      | safid the Minotaur Hunter began the quest for the Orb.
     0 | D:1      | Reached XP level 1. HP: 18/18 MP: 0/0
    98 | D:1      | Reached XP level 2. HP: 25/25 MP: 1/1
   350 | D:1      | Reached XP level 3. HP: 31/31 MP: 2/2
   354 | D:1      | Reached skill level 5 in Ranged Weapons
   647 | D:1      | Found a faded altar of an unknown god.
  1134 | D:2      | Reached XP level 4. HP: 21/40 MP: 3/3
  1572 | D:2      | Found a runed translucent door.
  1573 | D:2      | Noticed Crazy Yiuf
  2383 | D:3      | Got Extemeg's Treatise on Arcane Weapons
  2798 | D:4      | Noticed a water moccasin
  2805 | D:4      | Killed a water moccasin
  2806 | D:4      | Reached skill level 5 in Fighting
  2806 | D:4      | Reached skill level 6 in Ranged Weapons
  2806 | D:4      | Reached XP level 5. HP: 31/48 MP: 4/4
  3071 | D:4      | Found a burning altar of Makhleb.
  3112 | D:4      | Noticed Menkaure
  3120 | D:4      | Killed Menkaure
  3121 | D:4      | Reached XP level 6. HP: 32/57 MP: 5/5
  3282 | D:4      | HP: 2/57 [something/magic dart (9)]
  3285 | D:4      | Reached skill level 7 in Ranged Weapons
  3793 | D:4      | Found a staircase to the Ecumenical Temple.
  4000 | Temple   | Entered the Ecumenical Temple
  4145 | D:5      | Entered Level 5 of the Dungeon
  4267 | D:5      | Found a transporter.
  4271 | D:5      | Noticed warriortoast's ghost (novice GrEE)
  4272 | D:5      | Found a transporter.
  4364 | D:5      | Reached XP level 7. HP: 63/64 MP: 6/6
  4766 | D:5      | Found an ancient bone altar of Kikubaaqudgha.
  4885 | D:5      | Reached skill level 8 in Ranged Weapons
  4910 | D:5      | Reached XP level 8. HP: 47/74 MP: 7/7
  5031 | D:5      | Found a broken altar of Ashenzari.
  5213 | D:5      | Found a shimmering blue altar of Sif Muna.
  5304 | D:5      | Reached skill level 9 in Ranged Weapons
  6033 | D:6      | Reached skill level 10 in Ranged Weapons
  6150 | D:6      | Found a glowing golden altar of the Shining One.
  6448 | D:6      | Found a radiant altar of Vehumet.
  6471 | D:6      | Identified the +3 leather armour of Indemnity {Dex+7}
  6482 | D:6      | Reached skill level 11 in Ranged Weapons
  6894 | D:6      | Found a glowing silver altar of Zin.
  7040 | D:7      | Reached XP level 9. HP: 81/81 MP: 8/8
  7074 | D:7      | Reached skill level 12 in Ranged Weapons
  7362 | D:7      | Noticed a gargoyle
  7376 | D:7      | Killed from afar by a gargoyle

Illustrated notes

Levels and vault maps discovered:
D:1:      elethiomel_arrival_fortress_basement, layout_loops_ring,
          dilly_ecumenical_altar_fadedgnrine
D:2:      minmay_inner_zag, layout_basic, hangedman_abyss_or_decor_lesser_grid,
          uniq_crazy_yiuf_cottage
D:3:      layout_basic
D:4:      layout_cave_pools, lightli_temple_of_fire,
          minmay_temple_entry_nine_rooms, uniq_menkaure
D:5:      layout_loops_corners, kennysheep_vampire_church,
          nicolae_overflow_crystal_walls, gammafunk_ghost_mausoleum,
          minmay_ruined_shrine
D:6:      layout_loops_cross, zin_academy, nicolae_vehumet_altar_sigil,
          tso_altar
D:7:      statuecave_lemuel, layout_rooms, nicolae_kite_square_tiling_tiny,
          bh_walls_and_bars
Temple:   nicolae_temple_x_marks_the_god

Skill      XL: |  1  2  3  4  5  6  7  8  9 |
---------------+----------------------------+-----
Fighting       | 3 4 5 6 8 |  8.0
Ranged Weapons | 5 6 7 8 11 12 | 12.1
Dodging        | |  2.1
Stealth        | |  0.7

Action                   |  1- 3 |  4- 6 |  7- 9 || total
-------------------------+-------+-------+-------++-------
Melee: Shortbow          |       |     1 |       ||     1
 Fire: Shortbow          |   112 |   150 |   284 ||   546
  Use: Potion            |       |       |     1 ||     1
       Scroll            |       |       |     8 ||     8
Armor: Leather armour    |    11 |    24 |    48 ||    83
Dodge: Dodged            |    18 |    17 |   147 ||   182
